 Dungeon Crawl Stone Soup version 0.21.1-1-g345015f (webtiles) character file.

1159 EuclidGuy the Magician (level 8, -1/46 HPs)
             Began as a Deep Elf Necromancer on July 7, 2018.
             Was an Initiate of Sif Muna.
             Splashed by a jelly's acid (10 damage)
             ... on level 7 of the Dungeon.
             The game lasted 00:59:56 (7638 turns).

EuclidGuy the Magician (Deep Elf Necromancer)       Turns: 7638, Time: 01:00:00

Health: -1/46      AC: -1    Str:  5    XL:     8   Next: 16%
Magic:  4/29       EV: 15    Int: 23    God:    Sif Muna [......]
Gold:   213        SH:  0    Dex: 15    Spells: 9/21 levels left

rFire    . . .     SeeInvis .   p - +2 flail (crush)
rCold    . . .     Gourm    .   (no shield)
rNeg     . . .     Faith    .   d - +0 robe
rPois    +         Spirit   .   (no helmet)
rElec    .         Reflect  .   f - +0 cloak
rCorr    .         Harm     .   (no gloves)
MR       .....                  (no boots)
Stlth    +++.......             n - amulet of regeneration
HPRegen  0.55/turn              m - ring of poison resistance
MPRegen  0.21/turn              l - ring of magical power

@: corroded, very slightly contaminated, drained
A: no striking features
a: Renounce Religion


You were on level 7 of the Dungeon.
You worshipped Sif Muna.
Sif Muna was noncommittal.
You were not hungry.

You visited 2 branches of the dungeon, and saw 8 of its levels.

You collected 213 gold pieces.

Inventory:

Hand Weapons
 p - a +2 flail of crushing (weapon)
 z - the +5 falchion of Ricidd {vamp, *Slow Dex+5}
   (You found it on level 4 of the Dungeon)

   It inflicts no extra harm, but heals its wielder when it wounds a living foe.
   It affects your dexterity (+5).
   It may slow you when you take damage.
Missiles
 s - 29 poisoned needles
 u - 95 stones (quivered)
Armour
 d - a +0 robe (worn)
 f - a +0 cloak (worn)
Jewellery
 g - a +2 ring of slaying
 l - a ring of magical power (right hand)
 m - a ring of poison resistance (left hand)
 n - an amulet of regeneration (around neck)
 v - a +3 ring of strength {unknown}
 y - an uncursed ring of positive energy
Wands
 a - a wand of disintegration (15)
Scrolls
 j - 3 scrolls of identify
 k - a scroll of teleportation
 q - a scroll of remove curse
Potions
 e - 3 potions of curing
 h - 3 potions of heal wounds
 i - a potion of berserk rage
 o - 2 potions of agility
 r - a potion of flight
 t - 2 potions of lignification
Books
 b - a book of Necromancy

   Spells                             Type                      Level
   a - Pain                           Necromancy                   1
   b - Animate Skeleton               Necromancy                   1
   c - Vampiric Draining              Necromancy                   3
   d - Regeneration                   Charms/Necromancy            3
   e - Animate Dead                   Necromancy                   4
   f - Borgnjor's Vile Clutch         Necromancy/Earth             5
Comestibles
 c - 7 rations


   Skills:
 + Level 3.4(3.2) Fighting
 + Level 5.7(5.5) Dodging
 + Level 6.3(6.0) Stealth
 - Level 0.1(0.0) Unarmed Combat
 + Level 7.1(6.9) Spellcasting
 - Level 6.0(5.8) Necromancy


You had 9 spell levels left.
You knew the following spells:

 Your Spells              Type           Power        Failure   Level  Hunger
a - Pain                  Necr           ####         1%          1    None
b - Animate Skeleton      Necr           N/A          1%          1    None
c - Vampiric Draining     Necr           ####......   1%          3    None
d - Animate Dead          Necr           N/A          7%          4    ###....
e - Regeneration          Chrm/Necr      ###.......   7%          3    None


Dungeon Overview and Level Annotations

Branches:
Dungeon (7/15)             Temple (1/1) D:5

Altars:
Ashenzari
Elyvilon
Fedhas
Gozag
Hepliaklqana
Kikubaaqudgha
Makhleb
Nemelex Xobeh
Okawaru
Qazlal
Ru
Sif Muna
Trog
Uskayaw
Vehumet
Wu Jian
Xom
Yredelemnul
Zin
The Shining One

Annotations:
D:3 Sabo's ghost, amateur DsBe
D:5 Dowan; Duvessa; Grinder
D:6 manchovi's ghost, novice GrEE


Message History

Press: ? - help, Shift-Dir - straight line, f/p - orc
Aim: an orc, wielding a hand axe and wearing a chain mail The orc is heavily wounded.
You feel life coursing into your body.
The wight hits you with an enchanted scimitar!
The orc misses you. The jelly hits you. The acid corrodes you!
You are splashed with acid!
The acid burns!
* * * LOW HITPOINT WARNING * * *
Casting: Vampiric Draining
Confirm with . or Enter, or press ? or * to list all spells.
Aiming: Vampiric Draining
Press: ? - help, Shift-Dir - straight line, f/p - orc
Aim: an orc, wielding a hand axe and wearing a chain mail (heavily wounded)
You kill the orc!
Sif Muna accepts your kill.
You feel life coursing into your body. The wight barely misses you.
The jelly hits you.
* * * LOW HITPOINT WARNING * * *
You are splashed with acid!
The acid burns!
You die...

. ... #.......##########
.................#
#.......#$#)..##.#
......#.....#...#
#...##..##.#.z.#
#......#....)z@##
###...##.#...##J.)......
.....#......#...###...##
..##.#..###.#..## ###
.#......#......#
.#...##.#...##.#
..).#......#...#
#.#.#...##.#..##
#.#)...#.......


You could see a jelly and 2 wights.

Vanquished Creatures
  Sigmund (D:3)
  An orc warrior (D:6)
  An ogre (D:6)
  A centaur (D:6)
  2 scorpions (D:4)
  A jelly (D:7)
  2 orc priests (D:3)
  A bullfrog skeleton (D:6)
  Ijyb (D:5)
  Terence (D:2)
  4 orc wizards
  3 worker ants (D:4)
  11 adders
  9 gnolls
  2 oozes
  3 worms
  3 leopard geckos
  18 orcs
  2 giant cockroaches
  7 goblins
  6 hobgoblins
  2 quokkas
  2 ball pythons
  12 bats
  A frilled lizard (D:3)
  4 kobolds
  A leopard gecko skeleton (D:5)
  8 rats
  2 plants
112 creatures vanquished.

Vanquished Creatures (collateral kills)
  2 goblins
  A kobold (D:2)
  A rat (D:1)
4 creatures vanquished.

Grand Total: 116 creatures vanquished

Notes
Turn   | Place    | Note
-------+----------+-------------------------------------------
     0 | D:1      | EuclidGuy the Deep Elf Necromancer began the quest for the Orb.
     0 | D:1      | Reached XP level 1. HP: 10/10 MP: 6/6
    87 | D:1      | Reached skill level 5 in Necromancy
   293 | D:1      | Reached XP level 2. HP: 10/15 MP: 1/8
   518 | D:1      | Learned a level 1 spell: Animate Skeleton
   625 | D:1      | Reached XP level 3. HP: 14/19 MP: 5/10
  1150 | D:2      | Reached skill level 4 in Spellcasting
  1481 | D:2      | Found a shimmering altar of Xom.
  1519 | D:2      | Learned a level 3 spell: Vampiric Draining
  1640 | D:2      | Reached XP level 4. HP: 22/24 MP: 7/12
  1972 | D:2      | Found an opulent altar of Gozag.
  2275 | D:2      | Noticed Terence
  2553 | D:2      | Killed Terence
  2553 | D:2      | Reached skill level 1 in Fighting
  2553 | D:2      | Reached XP level 5. HP: 24/29 MP: 5/14
  2837 | D:2      | Found a hide-covered altar of Uskayaw.
  3615 | D:3      | Noticed Sabo's ghost (amateur DsBe)
  3658 | D:3      | Reached skill level 5 in Spellcasting
  3759 | D:3      | Reached XP level 6. HP: 26/34 MP: 1/15
  3838 | D:3      | Noticed Sigmund
  3851 | D:3      | Killed Sigmund
  4563 | D:4      | Found an iron altar of Okawaru.
  4602 | D:4      | Reached XP level 7. HP: 31/40 MP: 10/17
  5054 | D:4      | Got a scorched falchion
  5303 | D:4      | Reached skill level 5 in Stealth
  5303 | D:4      | Reached skill level 6 in Spellcasting
  5379 | D:4      | Identified the +5 falchion of Ricidd {vamp, *Slow Dex+5} (You found it on level 4 of the Dungeon)
  5402 | D:5      | Entered Level 5 of the Dungeon
  5402 | D:5      | Noticed Ijyb
  5411 | D:5      | Killed Ijyb
  5471 | D:5      | Found a staircase to the Ecumenical Temple.
  5477 | Temple   | Entered the Ecumenical Temple
  6362 | Temple   | Became a worshipper of Sif Muna the Loreminder
  6394 | D:5      | Noticed Grinder
  6409 | D:5      | Noticed Duvessa
  6415 | D:5      | Noticed Dowan
  6887 | D:5      | Paralysed by Grinder for 2 turns
  6892 | D:5      | Paralysed by Grinder for 4 turns
  6915 | D:6      | Reached skill level 5 in Dodging
  6922 | D:6      | Noticed manchovi's ghost (novice GrEE)
  6969 | D:6      | Found a shattered altar of Ashenzari.
  6996 | D:6      | Reached XP level 8. HP: 23/46 MP: 10/20
  7007 | D:6      | Found a blossoming altar of Fedhas.
  7239 | D:6      | Learned a level 4 spell: Animate Dead
  7243 | D:6      | Learned a level 3 spell: Regeneration
  7394 | D:6      | Reached skill level 7 in Spellcasting
  7638 | D:7      | Splashed by a jelly's acid

Skill      XL: |  1  2  3  4  5  6  7  8 |
---------------+-------------------------+-----
Necromancy     | 5 6 |  6.0
Spellcasting   | 4 5 6 7 |  7.1
Stealth        | 3 4 6 |  6.3
Dodging        | 3 4 5 |  5.7
Fighting       | 1 2 3 |  3.4
Unarmed Combat | |  0.1

Action                   |  1- 3 |  4- 6 |  7- 9 || total
-------------------------+-------+-------+-------++-------
Melee: Unarmed           |    11 |     2 |       ||    13
       Flail             |       |    22 |    60 ||    82
 Cast: Pain              |    43 |   108 |    72 ||   223
       Animate Skeleton  |     5 |     2 |       ||     7
       Vampiric Draining |     3 |    13 |    19 ||    35
       Animate Dead      |       |       |     6 ||     6
  Use: Scroll            |       |       |    16 ||    16
 Stab: Sleeping          |       |     2 |     1 ||     3
  Eat: Chunk             |     2 |     3 |     1 ||     6
       Ration            |       |     2 |     3 ||     5
Armor: Robe              |    10 |     8 |     8 ||    26
Dodge: Dodged            |    20 |    65 |    61 ||   146
